 Dungeon Crawl Stone Soup version 0.30.1-11-g7821555f0a (webtiles) character file.

Game seed: 3219371752589585496

3 SacredBeard the Grave Robber (level 1, -3/13 HPs)
             Began as a Demonspawn Necromancer on Nov 27, 2023.
             Slain by a gnoll
             ... wielding a +0 flail
              (5 damage)
             ... on level 1 of the Dungeon.
             The game lasted 00:01:13 (98 turns).

SacredBeard the Grave Robber (Demonspawn Necromancer) Turns: 98, Time: 00:01:14

Health: -3/13      AC:  2    Str:  8    XL:     1   Next: 41%
Magic:  3/3        EV: 12    Int: 16    God:
Gold:   26         SH:  0    Dex: 13    Spells: 3/4 levels left

rFire   . . .        (no weapon)
rCold   . . .        (no shield)
rNeg    . . .        a - +0 robe
rPois   .            (no helmet)
rElec   .            (no cloak)
rCorr   .            (no gloves)
SInv    .            (no boots)
Will    .....        (no amulet)
Stlth   ++           (no ring)
HPRegen 0.22/turn    (no ring)
MPRegen 0.08/turn

%: no passive effects
@: no status effects
A: no striking features
a: no special abilities


You were on level 1 of the Dungeon.
You visited 1 branch of the dungeon, and saw 1 of its levels.

You collected 26 gold pieces.

Inventory:

Armour
 a - a +0 robe (worn)
Scrolls
 c - a scroll of amnesia {unknown}


   Skills:
 + Level 0.1 Fighting
 + Level 0.1 Throwing
 + Level 0.0 Armour
 + Level 1.8 Dodging
 + Level 1.8 Stealth
 - Level 2.0 Spellcasting
 * Level 4.4 Necromancy
 + Level 0.1 Evocations


You had 3 spell levels left.
You knew the following spells:

 Your Spells              Type           Power      Damage    Failure   Level
a - Necrotise             Necr           60%        1d7       3%          1

Your spell library contained the following spells:

 Spells                   Type           Power      Damage    Failure   Level
 Vampiric Draining        Necr           15%        2d7       10%         3
 Animate Dead             Necr           15%        N/A       32%         4
 Agony                    Necr           15%        N/A       67%         5


Dungeon Overview and Level Annotations

Branches:
Dungeon (1/15) Zot: 5901

Altars:

Shops:
D:1 =


Message History

You can't see any susceptible monsters within range! (Use Z to cast anyway.)
The bat hits your bat skeleton.
Your bat skeleton misses the bat.
The bat barely misses your bat skeleton.
You see here a scroll labelled OSUEHU PIJUGH.
c - a scroll labelled OSUEHU PIJUGH Your bat skeleton hits the bat but does no damage.
The bat hits your bat skeleton.
Your bat skeleton hits the bat but does no damage.
The bat hits your bat skeleton.
Your bat skeleton barely misses the bat.
The bat hits your bat skeleton.
Your bat skeleton hits the bat but does no damage.
The bat hits your bat skeleton.
Your bat skeleton barely misses the bat.
The bat hits your bat skeleton.
Your bat skeleton is destroyed!
The bat writhes in agony.
You kill the bat!
You are out of magic!
You are out of magic!
You swap places.
Your bat skeleton crumbles into dust!
A gnoll comes into view. It is wielding a +0 flail.
A gnoll is nearby!
The gnoll shouts!
The gnoll writhes in agony.
You hear a shout!
A hobgoblin comes into view.
The gnoll writhes in agony.
The gnoll writhes in agony!
You are out of magic!
You are out of magic!
You are out of magic!
You are out of magic!
The gnoll attacks as you move away! The gnoll hits you with a +0 flail!
Ouch! That really hurt!
* * * LOW HITPOINT WARNING * * *
The gnoll attacks as you move away! The gnoll misses you.
Magic courses through your body. The gnoll hits you with a +0 flail.
You die...

..# #.# ##.# #.# .#.#
#.# ... #.# #.. #.# ..
#.# .#
####.##########.####.#
###..........@g.g.......
#........#######..#####.
#........# #.##
#........##### #.#
#............. ...
#...∩....### #.#
#........# #.#
#........# #.#
#........#####


You could see a gnoll and a hobgoblin.

Vanquished Creatures
  3 bats (D:1)
3 creatures vanquished.

Notes
Turn   | Place    | Note
-------+----------+-------------------------------------------
     0 | D:1      | SacredBeard the Demonspawn Necromancer began the quest for
                  | the Orb.
     0 | D:1      | Reached XP level 1. HP: 13/13 MP: 3/3
    15 | D:1      | Found Asheam's Jewellery Emporium.
    98 | D:1      | Slain by a gnoll

Illustrated notes

Levels and vault maps discovered:
D:1:      nicolae_arrival_memento_mori, layout_rooms, serial_shops, shop,
          nicolae_shop_competitors_out_of_business, shop,
          nicolae_shop_tiny_glass

Action                     || total
---------------------------++-------
   Cast: Necrotise         ||     7
    Use: Potion            ||     1
  Dodge: Dodged            ||     2
